[Event "*** Titled Tuesday Blitz"]
[Site "Chess.com"]
[Date "2019.01.01"]
[Round "1"]
[White "SolidJ"]
[Black "olksuna"]
[Result "0-1"]
[WhiteElo "1665"]
[BlackElo "2473"]
[TimeControl "180+2"]
[EndTime "13:06:05 PST"]
[Termination "olksuna won by resignation"]

1. e4 c5 2. Nf3 Nc6 3. d4 cxd4 4. Nxd4 g6 5. Nc3 Bg7 6. Be3 Nf6 7. Bc4 O-O 8. Bb3 Re8 9. O-O d6 10. f3 Bd7 11.
Qd2 Rc8 12. Rfd1 Na5 13. Kh1 a6 14. Bh6 Bh8 15. Rac1 Nc4 16. Bxc4 Rxc4 17. Nce2 b5 18. b3 Rc5 19. c4 bxc4 20. bxc4 Qc7 21. Qd3 Rc8 22.
Rc3 Rh5 23. Be3 d5 24. Bg1 dxe4 25. fxe4 Ng4 26. Qg3 Be5 0-1

[Event "*** Titled Tuesday Blitz"]
[Site "Chess.com"]
[Date "2019.01.01"]
[Round "1"]
[White "walkingcreep"]
[Black "P0ubelle"]
[Result "1-0"]
[WhiteElo "2582"]
[BlackElo "2222"]
[TimeControl "180+2"]
[EndTime "13:06:09 PST"]
[Termination "walkingcreep won by resignation"]

1. d4 Nf6 2. c4 g6 3. Nc3 Bg7 4. e4 d6 5. Nf3 O-O 6. Be2 Nc6 7. O-O e5 8. d5 Ne7 9. Ne1 Ne8 10. Nd3 f5 11. f3 f4 12. Bd2 g5 13. Rc1 Rf7 14. c5 Ng6 15. Nb5 a6 16. Na3 h5 17.
Nc4 dxc5 18. Nxc5 Qe7 19. Bb4 Qf6 20. Ne6 Bxe6 21. dxe6 Qxe6 22. Na5 Qb6+ 23. Bc5 Qxa5 24. b4 Qa3 25. Bc4 b6 26. Bxf7+ Kxf7 27. Qd5+ Kf6 28. Qxa8 bxc5 29. Qxe8 g4 30. Rxc5 Bf8 31. Rxc7 g3 32. Rf7+ Kg5 33. Rf5+ Kh6 34. Rf6 gxh2+ 35. Kxh2 1-0

[Event "*** Titled Tuesday Blitz"]
[Site "Chess.com"]
[Date "2019.01.01"]
[Round "1"]
[White "TheBigBadChessDad"]
[Black "GulamaliRises"]
[Result "0-1"]
[WhiteElo "2286"]
[BlackElo "2644"]
[TimeControl "180+2"]
[EndTime "13:06:13 PST"]
[Termination "GulamaliRises won by resignation"]

1. d4 Nf6 2. Nf3 e6 3. Bf4 c5 4. c3 d5 5. e3 Bd6 6. Bg3 Qc7 7. Nbd2 O-O 8. Bd3 Nbd7 9. Qe2 e5 10. dxe5 Nxe5 11.
Nxe5 Bxe5 12. Bxe5 Qxe5 13. O-O Bg4 14. Nf3 Qc7 15.
h3 Bh5 16. Qd1 Rad8 17. Be2 Rd6 18. Qa4 a6 19. Rad1 Rfd8 20. Rfe1 Ne4 21. Nd2 Bg6 22. Bf3 b5 23. Qa3 Nf6 24. b4 c4 25. g3 Bd3 26.
Bg2 Ne4 27. Nf3 Rf6 28. g4 h6 29. Qc1 a5 30. a3 axb4 31. axb4 Ra8 32. Rf1 Ra2 33. Rxd3 cxd3 34. Qb1 Nxc3 35. Qxd3 Qc4 36. Qd4 Ne2+ 0-1

[Event "*** Titled Tuesday Blitz"]
[Site "Chess.com"]
[Date "2019.01.01"]
[Round "1"]
[White "jcibarra"]
[Black "Winehouse83"]
[Result "1/2-1/2"]
[WhiteElo "2744"]
[BlackElo "2406"]
[TimeControl "180+2"]
[EndTime "13:06:19 PST"]
[Termination "Game drawn by repetition"]

1. e4 e5 2. Nf3 Nc6 3. Bb5 a6 4. Bxc6 dxc6 5. O-O Bg4 6. h3 h5 7. d3 Qf6 8. Nbd2 g5 9. Nc4 Bxf3 10. Qxf3 Qxf3 11.
gxf3 f6 12. h4 gxh4 13. f4 Bd6 14. fxe5 fxe5 15. f4 exf4 16. Bxf4 O-O-O 17. Kg2 Ne7 18. Kh3 Ng6 19. Bxd6 cxd6 20. Rf6 Ne5 21. Nxd6+ Kc7 22.
Nf5 Rhg8 23. Rf1 Rg4 24. Re6 Nf7 25. Re7+ Rd7 26. Rxd7+ Kxd7 27. Kh2 Ng5 28. Rf2 c5 29. b3 b5 30. Rg2 Nf3+ 31. Kh3 Ng5+ 32. Kh2 Nf3+ 33. Kh3 Ng5+ 34. Kh2 Nf3+ 1/2-1/2

[Event "*** Titled Tuesday Blitz"]
[Site "Chess.com"]
[Date "2019.01.01"]
[Round "1"]
[White "Vegan4future"]
[Black "Peng_Li-Min"]
[Result "1-0"]
[WhiteElo "2337"]
[BlackElo "2648"]
[TimeControl "180+2"]
[EndTime "13:06:24 PST"]
[Termination "Vegan4future won on time"]

1. d4 Nf6 2. c4 g6 3. Nf3 Bg7 4. g3 O-O 5. Bg2 d5 6. O-O dxc4 7. Qa4 a6 8. Qxc4 b5 9. Qb3 Bb7 10. Bf4 Nd5 11. Nbd2 Nxf4 12. gxf4 e6 13. e3 Nd7 14.
Rac1 Nb6 15. a3 Bd5 16. Qc2 Rc8 17. Ne5 f6 18. Nc6 Qd7 19. Nb3 Bxg2 20. Kxg2 e5 21. f5 gxf5 22. Qxf5 Qd5+ 23. e4 Qxb3 24. d5 1-0

[Event "*** Titled Tuesday Blitz"]
[Site "Chess.com"]
[Date "2019.01.01"]
[Round "1"]
[White "murmah2003"]
[Black "kacprekt"]
[Result "1-0"]
[WhiteElo "2738"]
[BlackElo "2377"]
[TimeControl "180+2"]
[EndTime "13:06:26 PST"]
[Termination "murmah2003 won by resignation"]

1. d4 Nf6 2. c4 g6 3. Nc3 d5 4. Bg5 Ne4 5. Bh4 g5 6. Nxe4 dxe4 7. Bxg5 Bg7 8. e3 c5 9. Ne2 Nc6 10. d5 Nb4 11. Nc3 Qa5 12. Qd2 Bf5 13. Be2 Rg8 14.
Bf4 Bxc3 15. bxc3 Na6 16. Bg3 O-O-O 17. Rb1 e6 18. O-O h5 19. Rb5 Qa4 20. Rfb1 Rd7 21. R1b3 exd5 22. cxd5 c4 23. R3b4 Nxb4 24. Rxb4 Qa5 25.
Rxc4+ Kd8 26. Bh4+ Ke8 27. Rc8+ 1-0

[Event "*** Titled Tuesday Blitz"]
[Site "Chess.com"]
[Date "2019.01.01"]
[Round "1"]
[White "belisarius64"]
[Black "Grootneus"]
[Result "1-0"]
[WhiteElo "2562"]
[BlackElo "2190"]
[TimeControl "180+2"]
[EndTime "13:06:32 PST"]
[Termination "belisarius64 won by resignation"]

1. d4 Nf6 2. c4 c5 3. d5 b5 4. cxb5 a6 5. bxa6 g6 6. Nc3 Bxa6 7. Nf3 Bg7 8. e4 Qa5 9. Bd2 Bxf1 10. Kxf1 d6 11. g3 O-O 12. Kg2 Nbd7 13. a4 Ng4 14.
Nb5 Qb6 15. h3 Nge5 16. Nxe5 Nxe5 17. Qc2 c4 18. Be3 Qb7 19. Bd4 Rfc8 20. Qc3 f6 21. Rhc1 Nd3 22. Rc2 e5 23. Be3 f5 24. Nxd6 Qd7 25. Nxc8 Rxc8 26. f3 Qe7 27. Rd1 Ra8 28.
Qxc4 Nb4 29. d6+ 1-0

[Event "*** Titled Tuesday Blitz"]
[Site "Chess.com"]
[Date "2019.01.01"]
[Round "1"]
[White "VerdeNotte"]
[Black "MasterKroket"]
[Result "1-0"]
[WhiteElo "2849"]
[BlackElo "2448"]
[TimeControl "180+2"]
[EndTime "13:06:34 PST"]
[Termination "VerdeNotte won by resignation"]

1. g3 Nf6 2. Bg2 d5 3. b3 c5 4. Bb2 Nc6 5. Nf3 g6 6. d4 cxd4 7. Nxd4 Bg7 8. O-O O-O 9. c4 e6 10. cxd5 Nxd5 11. Nxc6 bxc6 12. Bxg7 Kxg7 13. Qc2 Ba6 14.
Nc3 Qf6 15. Rfc1 Nxc3 16. Qxc3 Qxc3 17. Rxc3 Bxe2 18. Re1 Ba6 19. Rxc6 Bb7 20. Rc7 Bxg2 21. Kxg2 Kf6 22. Re4 g5 23. Ra4 Rfc8 24. Rxc8 Rxc8 25.
Rxa7 Rc2 26. a4 Rb2 27. Rb7 Ra2 28. Rb5 e5 29. a5 e4 30. Kf1 Kg6 31. g4 h5 32. h3 hxg4 33. hxg4 f6 34. b4 Kf7 35. Rb6 Ke7 36. a6 Kd7 37. b5 Ra5 38. Rxf6 Rxb5 39. a7 Ra5 40. Rf8 1-0

[Event "*** Titled Tuesday Blitz"]
[Site "Chess.com"]
[Date "2019.01.01"]
[Round "1"]
[White "GMKrikor"]
[Black "CookiesAndIceCream"]
[Result "1-0"]
[WhiteElo "2727"]
[BlackElo "2371"]
[TimeControl "180+2"]
[EndTime "13:06:35 PST"]
[Termination "GMKrikor won by checkmate"]

1. e4 e5 2. Bc4 Nc6 3. Nc3 Nf6 4. d3 Bc5 5. f4 exf4 6. Bxf4 O-O 7. Nf3 Re8 8. Qe2 Ng4 9. O-O-O Nf2 10. Na4 Nd4 11.
Qxf2 Nb3+ 12. Bxb3 Bxf2 13. Rhf1 Bb6 14. Ng5 d5 15. Nxf7 Qf6 16. Nxb6 axb6 17. Bxc7 Qg6 18. Nd6 Re7 19. Nxc8 Rxc7 20. Bxd5+ Kh8 21. Rf8# 1-0

[Event "*** Titled Tuesday Blitz"]
[Site "Chess.com"]
[Date "2019.01.01"]
[Round "1"]
[White "Bigfish1995"]
[Black "evgenyermolaev"]
[Result "0-1"]
[WhiteElo "2906"]
[BlackElo "2476"]
[TimeControl "180+2"]
[EndTime "13:06:39 PST"]
[Termination "evgenyermolaev won by resignation"]

1. e4 c5 2. Nf3 d6 3. d4 cxd4 4. Nxd4 Nf6 5. Nc3 a6 6. Be2 e5 7. Nb3 Be7 8. O-O O-O 9. Re1 Nbd7 10. a4 b6 11. Bc4 Bb7 12. Nd2 Rc8 13. Qe2 Nc5 14. b3 Ne6 15. Bb2 Nd4 16. Qd3 Nd7 17.
Nf3 Nc5 18. Qd1 b5 19. axb5 axb5 20. Nxb5 Nxb5 21. Bxb5 Nxe4 22. Bd3 Nc5 23. Bc4 Ne6 24. Nd2 Nf4 25. Bf1 Qc7 26. Nc4 Qc6 27. Bc1 Nh3+ 0-1

[Event "*** Titled Tuesday Blitz"]
[Site "Chess.com"]
[Date "2019.01.01"]
[Round "1"]
[White "albi1999"]
[Black "Hikaru"]
[Result "0-1"]
[WhiteElo "2468"]
[BlackElo "3049"]
[TimeControl "180+2"]
[EndTime "13:06:40 PST"]
[Termination "Hikaru won by resignation"]

1. d4 g6 2. c4 Bg7 3. Nf3 c5 4. d5 b5 5. cxb5 a6 6. bxa6 Nf6 7. Nc3 Bxa6 8. e4 Bxf1 9. Kxf1 d6 10. g3 O-O 11.
Kg2 Nbd7 12. a4 c4 13. Qe2 Qc7 14. Be3 Ng4 15. Bd4 Rfb8 16. Nb5 Qb7 17. Bxg7 Kxg7 18. Qxc4 Rc8 19. Qd4+ Ngf6 20. Rhc1 Nc5 21. Nd2 Kg8 22. b3 Nfxe4 23. Nxe4 Nxb3 24. Rxc8+ Qxc8 25. Nbxd6 Qf8 26. Qc3 Nxa1 27. Qxa1 f5 28. Ng5 exd6 29. Ne6 Qe7 30. a5 Qb7 31. Nf4 g5 32. Nh5 Qxd5+ 33. Kg1 Qf7 34.
Nf6+ Kg7 35. Ne4+ Kg6 36. Nxd6 Qe6 37. Nb5 Qd5 38. Nc7 Rxa5 39. Qe1 Qe5 40. Qc1 Ra1 0-1

[Event "*** Titled Tuesday Blitz"]
[Site "Chess.com"]
[Date "2019.01.01"]
[Round "1"]
[White "novocane"]
[Black "IMAghasiyevKamal"]
[Result "0-1"]
[WhiteElo "2136"]
[BlackElo "2538"]
[TimeControl "180+2"]
[EndTime "13:06:43 PST"]
[Termination "IMAghasiyevKamal won by checkmate"]

1. d4 d5 2. c4 e6 3. Nc3 Nf6 4. cxd5 exd5 5. Bg5 Be7 6. Qc2 c6 7. e3 Nbd7 8. Bd3 Nh5 9. Bxe7 Qxe7 10. Nf3 Nf4 11. Bf1 O-O 12. O-O-O Ne6 13. Bd3 h6 14. g4 Qf6 15. Qe2 Re8 16. h4 Nf4 17. Qf1 Nxd3+ 18. Rxd3 Qxf3 19. Rh3 Qxg4 20. Rg3 Qxh4 21. Qg2 Qf6 22.
Ne2 Nf8 23. Nf4 g6 24. Rd1 Bf5 25. Rh1 Kh7 26. Qh2 g5 27. Nh5 Qg6 28. Rf3 Re6 29. Ng3 Bg4 30. Qg2 Bxf3 31. Qxf3 Rf6 32. Qg4 Rxf2 33.
Nh5 Qc2# 0-1

[Event "*** Titled Tuesday Blitz"]
[Site "Chess.com"]
[Date "2019.01.01"]
[Round "1"]
[White "farzadbfd"]
[Black "viktorko131"]
[Result "1-0"]
[WhiteElo "2504"]
[BlackElo "2072"]
[TimeControl "180+2"]
[EndTime "13:06:46 PST"]
[Termination "farzadbfd won on time"]

1. e4 c5 2. Nc3 Nc6 3. g3 g6 4. Bg2 Bg7 5. d3 d6 6. Be3 Nf6 7. Nge2 h5 8. h3 Nd7 9. O-O Nd4 10. Qd2 Nb8 11. f4 Nbc6 12. Nc1 O-O 13. Nd1 f5 14. c3 Ne6 15. Ne2 Nc7 16. a4 e5 17. a5 Be6 18. a6 Rb8 19. axb7 Qd7 20.
Nf2 Rxb7 21. exf5 gxf5 22. fxe5 Bxe5 23. d4 cxd4 24. cxd4 Bg7 25. d5 Rxb2 26. Qd1 Nxd5 27. Bxd5 Kh7 28. Bg2 Bc4 29. Nf4 Bxf1 30. Qxh5+ Kg8 31.
Bd5+ Rf7 32. Rxf1 Ne5 33. N2d3 Nxd3 34. Nxd3 Rc2 35. Rxf5 1-0

[Event "*** Titled Tuesday Blitz"]
[Site "Chess.com"]
[Date "2019.01.01"]
[Round "1"]
[White "Daniela_Movileanu"]
[Black "BillCoe"]
[Result "1-0"]
[WhiteElo "2501"]
[BlackElo "1999"]
[TimeControl "180+2"]
[EndTime "13:06:46 PST"]
[Termination "Daniela_Movileanu won by resignation"]

1. e4 c5 2. Nc3 e6 3. g3 a6 4.
a4 Nc6 5. Bg2 g6 6. Nge2 Bg7 7.
O-O Nge7 8. d3 O-O 9. f4 d5 10.
exd5 exd5 11. Qe1 Nd4 12. Nxd4 Bxd4+ 13. Be3 Bxe3+ 14. Qxe3 b6 15. Qf3 Be6 16. Rfe1 Qd6 17. Re2 Rad8 18. Rae1 Nf5 19. Qf2 Nd4 20. Re5 Nc6 21.
R5e2 Nd4 22. Rd2 Rfe8 23. Nd1 b5 24. axb5 axb5 25. c3 Nb3 26. Rde2 b4 27. Bf3 bxc3 28. bxc3 c4 29. d4 Ra8 30. Ne3 Ra1 31. Rxa1 Nxa1 32. Ra2 Nb3 33. f5 gxf5 34. Bg2 f4 35. gxf4 Qd7 36. f5 Nc1 37. Ra6 Bxf5 38. Nxf5 Nd3 39. Qg3+ 1-0

[Event "*** Titled Tuesday Blitz"]
[Site "Chess.com"]
[Date "2019.01.01"]
[Round "1"]
[White "robbykevlishvili"]
[Black "ChainsOfFantasia"]
[Result "1-0"]
[WhiteElo "2787"]
[BlackElo "2411"]
[TimeControl "180+2"]
[EndTime "13:06:48 PST"]
[Termination "robbykevlishvili won by resignation"]

1. e4 e6 2. d4 d5 3. exd5 exd5 4. Nf3 Bd6 5. c4 dxc4 6. Bxc4 Nf6 7. O-O O-O 8. Nc3 Bg4 9. h3 Bh5 10. g4 Bg6 11.
Ne5 Nc6 12. f4 Bxe5 13. dxe5 Qe7 14. exf6 Qc5+ 15. Kg2 Qxc4 16. f5 Rfe8 17. fxg6 Rad8 18. gxf7+ Kxf7 19. Qb3 Qxb3 20. fxg7+ Kxg7 21. axb3 a6 22. Bf4 Nd4 23. Bxc7 Rd7 24. Bb6 Nxb3 25. Rad1 Rxd1 26. Rxd1 Re6 27. Rd7+ Kg6 28. Rxb7 Nd2 29. Bf2 Kg5 30. Rb6 Rxb6 31. Bxb6 Nc4 32. Bd8+ Kf4 33. b3 Nd2 34. b4 Nc4 35. Nd5+ Ke5 36. Nb6 Ne3+ 37. Kf3 Nc2 38. Be7 Nd4+ 39. Kg2 Nc6 40. Bc5 Ke4 41.
Nc4 Kd5 42. Na5 Ne5 43. Kg3 Ke4 44. Bf8 Ng6 45. Bd6 Nh8 46. Nb7 Nf7 47. Bf4 Kd4 48. Nc5 Kc4 49. Nxa6 Kb5 50. Nc7+ Kxb4 51. Ne6 h6 52. Nd4 Kc4 53. Nf5 h5 54. Nd6+ Nxd6 55. Bxd6 Kd5 56. Ba3 1-0

[Event "*** Titled Tuesday Blitz"]
[Site "Chess.com"]
[Date "2019.01.01"]
[Round "1"]
[White "Blitzstream"]
[Black "RandomOracle"]
[Result "1-0"]
[WhiteElo "2551"]
[BlackElo "2168"]
[TimeControl "180+2"]
[EndTime "13:06:52 PST"]
[Termination "Blitzstream won by resignation"]

1. e4 c6 2. c4 d5 3. exd5 cxd5 4. cxd5 Nf6 5. Nc3 Nxd5 6. Nf3 g6 7. d4 Bg7 8. Bc4 Nb6 9. Bb3 O-O 10. O-O Bg4 11. d5 N8d7 12. h3 Bxf3 13. Qxf3 Rc8 14. Bg5 h6 15.
Bh4 Ne5 16. Qe2 Nbc4 17. Rad1 Re8 18. Rfe1 g5 19. Bg3 a6 20. f4 gxf4 21. Bxf4 b5 22. Qh5 Ng6 23. Bc1 Qb6+ 24. Kh1 b4 25. Ne4 Nxb2 26.
Bxb2 Bxb2 27. d6 1-0

[Event "*** Titled Tuesday Blitz"]
[Site "Chess.com"]
[Date "2019.01.01"]
[Round "1"]
[White "NCchamp"]
[Black "mazetofonias"]
[Result "0-1"]
[WhiteElo "2185"]
[BlackElo "2556"]
[TimeControl "180+2"]
[EndTime "13:06:55 PST"]
[Termination "mazetofonias won by checkmate"]

1. c4 e5 2. Nc3 Bb4 3. Nd5 Bc5 4. Nf3 c6 5. Nc3 d6 6. g3 Bb4 7. Qc2 f5 8. Bg2 Nf6 9. d3 O-O 10. O-O Bxc3 11. Qxc3 Nbd7 12. b4 a6 13. a4 Qe7 14.
Bb2 e4 15. Ng5 Ne5 16. Nh3 Bd7 17. Rfe1 Neg4 18. b5 axb5 19. axb5 c5 20. Rxa8 Rxa8 21. dxe4 Nxe4 22. Bxe4 fxe4 23. Nf4 Rf8 24. Kg2 Bf5 25. f3 Ne5 26. Nd5 Qg5 27. f4 Qh5 28. fxe5 Bh3+ 29. Kg1 Qxe2 30. Nf4 Rxf4 31. Rxe2 Rf1# 0-1

[Event "*** Titled Tuesday Blitz"]
[Site "Chess.com"]
[Date "2019.01.01"]
[Round "1"]
[White "Siemba"]
[Black "PelinGorki"]
[Result "0-1"]
[WhiteElo "2099"]
[BlackElo "2509"]
[TimeControl "180+2"]
[EndTime "13:06:55 PST"]
[Termination "PelinGorki won by resignation"]

1. e4 c5 2. Nf3 d6 3. d4 cxd4 4. Nxd4 Nf6 5. Nc3 Bd7 6. Be3 Ng4 7. Bc1 g6 8. f3 Nf6 9. Be3 h5 10. Qd2 a6 11. O-O-O b5 12. h4 Nc6 13. Nxc6 Bxc6 14.
Ne2 Bg7 15. Nd4 Bd7 16. Be2 Rc8 17. Kb1 O-O 18. Bd3 Qc7 19. g4 e5 20. Nb3 Be6 21. g5 Nd7 22. Be2 Rfd8 23. c3 Nb6 24. Bd3 d5 25. Qf2 Nc4 26. Bxc4 Qxc4 27. Na5 Qa4 28. Nb7 d4 29. b3 Bxb3 30. axb3 Qxb3+ 31. Qb2 Qc4 32.
Nxd8 dxe3 33. Nb7 Qc7 34. Nd6 Rb8 35. Rd5 Bf8 36. Rhd1 Rd8 37. Nxb5 Rxd5 38. Nxc7 Rxd1+ 39. Qc1 e2 0-1

[Event "*** Titled Tuesday Blitz"]
[Site "Chess.com"]
[Date "2019.01.01"]
[Round "1"]
[White "mishanick"]
[Black "xamax2000"]
[Result "1-0"]
[WhiteElo "3004"]
[BlackElo "2466"]
[TimeControl "180+2"]
[EndTime "13:06:56 PST"]
[Termination "mishanick won by resignation"]

1. d4 Nf6 2. c4 g6 3. Nc3 d5 4.
cxd5 Nxd5 5. e4 Nxc3 6. bxc3 Bg7 7. Nf3 c5 8. Rb1 O-O 9. Be2 Nc6 10. d5 Ne5 11.
Nxe5 Bxe5 12. Qd2 e6 13. f4 Bc7 14. O-O exd5 15. exd5 Ba5 16. Bb2 Bf5 17. Rbd1 Re8 18. d6 c4 19. Bxc4 Bb6+ 20. Kh1 Be3 21. Qd5 Be6 22.
Qb5 a6 23. Qb3 b5 24. Bxe6 Rxe6 25. c4 bxc4 26. Qc3 f6 27. Qxc4 Qd7 28. Bxf6 Rc8 29. Qb3 Bc5 30. Be5 Rc6 31. Rfe1 Kf8 32. h3 Bxd6 33.
Qd5 Ke7 34. Bd4 Rxe1+ 35. Rxe1+ Kd8 36. Rd1 1-0

[Event "*** Titled Tuesday Blitz"]
[Site "Chess.com"]
[Date "2019.01.01"]
[Round "1"]
[White "DanielMieles1985"]
[Black "Zq1"]
[Result "1-0"]
[WhiteElo "1897"]
[BlackElo "2454"]
[TimeControl "180+2"]
[EndTime "13:06:58 PST"]
[Termination "DanielMieles1985 won on time"]

1. d4 Nf6 2. c4 a6 3. Nc3 c5 4. Nf3 cxd4 5. Nxd4 e6 6. g3 Qc7 7. Bg2 Qxc4 8. O-O Nc6 9. Nb3 Qb4 10. Bf4 d5 11. Rc1 Be7 12. a3 Qb6 13. Na4 Qd8 14.
Nac5 O-O 15. Qd2 h6 16. Rfd1 e5 17. Bxh6 gxh6 18. Qxh6 d4 19. e3 Bf5 20. exd4 e4 21. d5 Na5 22. d6 Bxd6 23. Nxa5 Qe7 24. Ncxb7 Be5 25. Nc6 Qe6 26. Nxe5 Qxe5 27. Qg5+ Kh8 28. Rc5 Qe6 29. Qxf5 Qb6 30. Nd6 Nh7 31. Bxe4 1-0

[Event "*** Titled Tuesday Blitz"]
[Site "Chess.com"]
[Date "2019.01.01"]
[Round "1"]
[White "TST2014"]
[Black "j2806"]
[Result "1-0"]
[WhiteElo "2481"]
[BlackElo "1746"]
[TimeControl "180+2"]
[EndTime "13:07:00 PST"]
[Termination "TST2014 won by resignation"]

1. d4 Nf6 2. c4 e6 3. Nf3 d5 4. Nc3 Be7 5. Bf4 c6 6. e3 O-O 7. Qc2 b6 8. Rg1 dxc4 9. Bxc4 c5 10. O-O-O Qe8 11. g4 Bb7 12. Ne5 Nc6 13. g5 Nh5 14. d5 exd5 15. Nxd5 Nxf4 16. exf4 Nxe5 17. fxe5 Rd8 18. f4 Bxd5 19. Bxd5 Qb5 20. Rg3 Qb4 21.
Rg4 a5 22. a3 Qb5 23. Rh4 g6 24. Rd3 Kg7 25. Bc4 Qc6 26. Kb1 Rxd3 27. Qxd3 Qc8 28.
e6 fxe6 29. Qc3+ Kg8 30. Qh3 Rf7 31. Bxe6 Qf8 32. Rxh7 1-0

[Event "*** Titled Tuesday Blitz"]
[Site "Chess.com"]
[Date "2019.01.01"]
[Round "1"]
[White "Generalas"]
[Black "jacky72"]
[Result "0-1"]
[WhiteElo "2255"]
[BlackElo "2614"]
[TimeControl "180+2"]
[EndTime "13:07:04 PST"]
[Termination "jacky72 won by checkmate"]

1. e4 e5 2. Nf3 Nc6 3. Bb5 a6 4. Ba4 d6 5. O-O Bd7 6. c3 g6 7. d4 Bg7 8. Bg5 f6 9. Bh4 Nh6 10.
Nbd2 O-O 11. Qe2 Qe7 12. Rfe1 Rae8 13. h3 Kh8 14. Nf1 exd4 15. cxd4 Nxd4 16. Nxd4 Bxa4 17. Qc4 Qd7 18. b3 Bb5 19. Nxb5 axb5 20. Qd5 c6 21. Qd3 f5 22. Rad1 fxe4 23. Rxe4 d5 24. Rxe8 Rxe8 25. Ne3 Nf5 26. Nxf5 Qxf5 27. Qxf5 gxf5 28. Kf1 b4 29.
Bg3 Bc3 30. Rc1 Kg7 31. f3 Kf7 32. Rc2 d4 33. Re2 Rxe2 34. Kxe2 Ke6 35. Kd3 Kd5 36. Bf2 c5 37. g4 fxg4 38. hxg4 b5 39. f4 c4+ 40.
Ke2 Ke4 41. f5 d3+ 42. Kd1 Kf3 43. Be1 Bxe1 44. Kxe1 c3 45. f6 Ke3 46. Kd1 d2 47. f7 Kd3 48. f8=Q c2# 0-1

[Event "*** Titled Tuesday Blitz"]
[Site "Chess.com"]
[Date "2019.01.01"]
[Round "1"]
[White "pandamaster3000"]
[Black "Kirill_Klukin"]
[Result "0-1"]
[WhiteElo "2237"]
[BlackElo "2587"]
[TimeControl "180+2"]
[EndTime "13:07:04 PST"]
[Termination "Kirill_Klukin won by resignation"]

1. e4 c5 2. Nf3 Nc6 3. Bb5 d6 4. O-O Nf6 5. Re1 Bd7 6. d4 cxd4 7. Nxd4 g6 8. c4 Bg7 9. Nc3 O-O 10. Be3 Ng4 11. Nxc6 bxc6 12. Ba4 Nxe3 13. Rxe3 Qb6 14. Bb3 a5 15. Rd3 Be6 16. Rc1 Bh6 17. Rc2 Qb4 18. Na4 c5 19. Nc3 a4 20. Nxa4 Rxa4 21.
Bxa4 Qxa4 22. b3 Qb4 23. Re2 Bg7 24. Qe1 Qa3 25. h3 Bxc4 26. bxc4 Qxd3 27. Re3 Qxc4 28. Qb1 Bd4 29. Rf3 Ra8 30. Qb3 Qxb3 31. axb3 Ra2 32. g4 Rb2 33. Kg2 Kg7 34. h4 e6 35. Kg3 d5 36. exd5 exd5 37. h5 c4 38. bxc4 dxc4 39. Kh4 c3 40. g5 gxh5 41. Kxh5 c2 42. g6 hxg6+ 0-1

[Event "*** Titled Tuesday Blitz"]
[Site "Chess.com"]
[Date "2019.01.01"]
[Round "1"]
[White "florianschwabeneder"]
[Black "xxysoul6"]
[Result "0-1"]
[WhiteElo "2451"]
[BlackElo "2901"]
[TimeControl "180+2"]
[EndTime "13:07:05 PST"]
[Termination "xxysoul6 won by resignation"]

1. e4 c5 2. Nf3 d6 3. c3 Nf6 4.
Be2 g6 5. O-O Bg7 6. Bb5+ Bd7 7.
Bxd7+ Qxd7 8. Re1 Nc6 9. d4 d5 10. e5 Ne4 11. Nbd2 Nxd2 12. Bxd2 cxd4 13. cxd4 O-O 14. Rc1 Rfc8 15. Qb3 Nd8 16. h4 h5 17. Rc3 Rxc3 18. Bxc3 Rc8 19. g3 b6 20. Kg2 Bh6 21.
Bd2 Bxd2 22. Nxd2 Ne6 23. Nf3 Rc4 24. Qe3 Qb5 25. b3 Rc2 26. Rc1 Qc6 27. Rxc2 Qxc2 28. a4 a5 29. Kh2 Ng7 30. e6 Nxe6 31. Ne5 Ng7 32. Nd7 Nf5 33. Qf4 Nd6 34. Nxb6 Qxb3 35. Nd7 Qxa4 36. Nc5 Qc2 37. Kg2 Qe2 38. Qg5 Ne4 39.
Qf4 e5 40. dxe5 Nxc5 0-1

[Event "*** Titled Tuesday Blitz"]
[Site "Chess.com"]
[Date "2019.01.01"]
[Round "1"]
[White "GM_dmitrij"]
[Black "maziarbagheri"]
[Result "1/2-1/2"]
[WhiteElo "2697"]
[BlackElo "2363"]
[TimeControl "180+2"]
[EndTime "13:07:06 PST"]
[Termination "Game drawn by repetition"]

1. e4 e5 2. Nf3 Nc6 3. Bc4 Nf6 4.
d3 Be7 5. O-O d6 6. a3 O-O 7.
Nc3 Na5 8. Ba2 c5 9. b4 Nc6 10. Rb1 cxb4 11. axb4 Be6 12. Nd5 Bxd5 13. exd5 Nb8 14.
c4 Nbd7 15. d4 exd4 16. Bb2 Re8 17. Nxd4 Bf8 18. Re1 Qb6 19. Qd2 Ne5 20. h3 Rac8 21. Rbc1 Ned7 22. Nf5 g6 23. Bd4 Qa6 24. Ne3 Bg7 25.
c5 Ne4 26. Qb2 Bxd4 27. Qxd4 Qxa2 28. Ng4 Qd2 29. Qxd2 Nxd2 30. Rxe8+ Rxe8 31. c6 bxc6 32. dxc6 Rc8 33. cxd7 Rxc1+ 34. Kh2 Nf1+ 35. Kg1 Ng3+ 36.
Kh2 Nf1+ 37. Kg1 Nd2+ 38. Kh2 Nf1+ 39. Kg1 Ne3+ 40. Kh2 Nf1+ 41. Kg1 Ng3+ 42. Kh2 Nf1+ 1/2-1/2

[Event "*** Titled Tuesday Blitz"]
[Site "Chess.com"]
[Date "2019.01.01"]
[Round "1"]
[White "MapleDanish"]
[Black "wannabe2700"]
[Result "0-1"]
[WhiteElo "2127"]
[BlackElo "2534"]
[TimeControl "180+2"]
[EndTime "13:07:11 PST"]
[Termination "wannabe2700 won by resignation"]

1. c4 e6 2. Nc3 d5 3. d4 Nf6 4. cxd5 exd5 5. Bg5 c6 6. e3 Bd6 7.
Bd3 Na6 8. Nge2 Nb4 9. Bb1 a5 10.
O-O Bg4 11. f3 Bh5 12. Nf4 Bg6 13. Nxg6 hxg6 14. g3 Qc7 15. Rf2 Nh5 16. Bf4 Nxf4 17. exf4 O-O-O 18. a3 Na6 19. Bd3 Qb6 20. Bf1 Nc7 21.
b4 axb4 22. axb4 Qxb4 23. Qd3 Rde8 24. Na4 Nb5 25. Nb6+ Kc7 26. Nxd5+ cxd5 27. Qxb5 Qxb5 28. Bxb5 Re3 29. Rc2+ Kb6 30. Rb2 Rb8 31. Bf1+ Kc7 32. Rc1+ Kd7 33. Rb6 Bc7 34. Bb5+ Kd8 35. Kf2 Re7 0-1

[Event "*** Titled Tuesday Blitz"]
[Site "Chess.com"]
[Date "2019.01.01"]
[Round "1"]
[White "Paralinch"]
[Black "fancyknightmaneuvers"]
[Result "1-0"]
[WhiteElo "2903"]
[BlackElo "2453"]
[TimeControl "180+2"]
[EndTime "13:07:12 PST"]
[Termination "Paralinch won by resignation"]

1. e4 c5 2. Nf3 e6 3. d4 cxd4 4. Nxd4 Nc6 5. Nc3 Qc7 6. Be2 a6 7. O-O Nf6 8. Be3 Bb4 9. Na4 O-O 10. Nxc6 bxc6 11. Nb6 Rb8 12. Nxc8 Rfxc8 13. Bxa6 Rf8 14.
Bd3 Bd6 15. f4 e5 16. b3 exf4 17. Bd4 Be5 18. Bxe5 Qxe5 19. Qf3 Rbe8 20. Qxf4 Nxe4 21. Qxe5 Rxe5 22. Rfe1 f5 23. a4 Ra8 24. b4 Ree8 25. a5 Kf7 26. c4 Kf6 27. a6 Reb8 28. b5 Nc5 29. Bf1 d5 30. bxc6 dxc4 31. Bxc4 Rc8 32. a7 Rc7 33. Ra5 Ne4 34. Rea1 Nd6 35. Bd5 Nc8 36.
g4 fxg4 37. Rf1+ Ke7 38. Rf7+ Kd6 39. Rd7+ 1-0

[Event "*** Titled Tuesday Blitz"]
[Site "Chess.com"]
[Date "2019.01.01"]
[Round "1"]
[White "PrinceMurad09"]
[Black "kayamarley"]
[Result "1-0"]
[WhiteElo "2491"]
[BlackElo "1940"]
[TimeControl "180+2"]
[EndTime "13:07:21 PST"]
[Termination "PrinceMurad09 won by resignation"]

1. e4 c5 2. Nf3 d6 3. d4 cxd4 4. Nxd4 Nf6 5. Nc3 a6 6. h3 e6 7. Be3 b5 8. a3 Bb7 9. Bd3 Nbd7 10. Nb3 Rc8 11. O-O Rxc3 12. bxc3 Nxe4 13. Bxe4 Bxe4 14. a4 Qc7 15. axb5 axb5 16. Qd2 Be7 17. Ra7 Qc4 18.
f3 Bd5 19. Rfa1 Qc8 20. Nd4 O-O 21. Nxb5 Rd8 22. Nc7 Bb7 23. Rb1 Qxc7 24. Rbxb7 Qc6 25. Rc7 Qb5 26. c4 Qb1+ 27. Qc1 Qxc1+ 28. Bxc1 d5 29. Rxd7 Rxd7 30. Rxd7 Bc5+ 31. Kf1 g6 32. Bh6 f5 33.
Rg7+ Kh8 34. cxd5 exd5 35. Rd7 Kg8 36. Rxd5 Be7 37. Rd7 Ba3 38. c4 f4 39. Bxf4 Kf8 40. Bg5 Ke8 41. Rxh7 1-0